 Dungeon Crawl Stone Soup version 0.20.0-15-g7f486f2 (webtiles) character file.

891 Gorglomux the Grappler (level 7, -1/58 HPs)
             Began as a Centaur Transmuter on June 11, 2017.
             Slain by a sky beast (5 damage)
             ... on level 6 of the Dungeon.
             The game lasted 00:09:48 (7001 turns).

Gorglomux the Grappler (Centaur Transmuter)         Turns: 7001, Time: 00:09:50

Health: -1/58      AC:  8    Str: 14    XL:     7   Next: 78%
Magic:  9/9        EV:  1    Int: 12    God:
Gold:   227        SH:  0    Dex: 10    Spells: 8/9 levels left

rFire    . . .     SeeInvis .     - Unarmed
rCold    . . .     Gourm    .   (no shield)
rNeg     . . .     Faith    .   V - +0 plate armour
rPois    .         Spirit   .   (no helmet)
rElec    .         Reflect  .   (no cloak)
rCorr    .         Harm     .   (no gloves)
MR       .....                  (no barding)
Stlth    ..........             (no amulet)
Regen    0.2/turn               (no ring)
MPRegen  0.2/turn               (no ring)

@: very quick
A: hooves 3, deformed body, speed 2, tough skin 3
a: no special abilities


You were on level 6 of the Dungeon.
You were very hungry.

You visited 1 branch of the dungeon, and saw 6 of its levels.

You collected 227 gold pieces.

Inventory:

Missiles
 a - 77 arrows
Armour
 b - a +0 robe
 J - +0 gold dragon scales
 V - a +0 plate armour (worn)
 W - a +0 leather armour
Jewellery
 D - an uncursed ring of flight {unknown}
 X - an uncursed ring of flight {unknown}
Wands
 w - a wand of random effects (15/48)
Scrolls
 x - a scroll of fog {unknown}
 y - a scroll of noise {unknown}
 A - 3 scrolls of teleportation {unknown}
 B - 4 scrolls of identify {unknown}
 C - 2 scrolls of enchant armour {unknown}
 G - 2 scrolls of random uselessness {unknown}
 K - a scroll of fear {unknown}
 L - 3 scrolls of immolation {unknown}
 M - 2 scrolls of enchant weapon {unknown}
 N - 5 scrolls of remove curse {unknown}
 Q - 4 scrolls of amnesia {unknown}
 U - a scroll of blinking {unknown}
Potions
 F - a potion of lignification {unknown}
 H - 2 potions of cancellation {unknown}
 I - 2 potions of heal wounds
 O - a potion of berserk rage {unknown}
 P - a potion of curing {unknown}
 R - a potion of haste {unknown}
 S - 3 potions of magic
 T - a potion of flight {unknown}
 Z - a potion of agility {unknown}
Books
 c - a book of Changes

   Spells                             Type                      Level
   a - Beastly Appendage              Transmutation                1
   b - Sticks to Snakes               Transmutation                2
   c - Spider Form                    Transmutation/Poison         3
   d - Ice Form                       Ice/Transmutation            4
   e - Blade Hands                    Transmutation                5
Comestibles
 d - 5 bread rations
 z - 5 meat rations
 E - 2 fruits
 Y - a royal jelly


   Skills:
 + Level 3.7 Fighting
 - Level 1.3 Dodging
 + Level 8.6 Unarmed Combat
 - Level 1.5 Spellcasting
 - Level 1.7 Transmutations


You had 8 spell levels left.
You knew the following spells:

 Your Spells              Type           Power        Failure   Level  Hunger
a - Beastly Appendage     Tmut           #.....       100%        1    ##.....


Dungeon Overview and Level Annotations

Branches:
Dungeon (6/15)
 Temple: D:4-7

Altars:
Dithmenos
Sif Muna
The Shining One

Shops:
D:4 (

Annotations:
D:4 George's ghost, amateur DsGl


Innate Abilities, Weirdness & Mutations

You have hooves in place of feet.
Armour fits poorly on your strangely shaped body.
You cover ground very quickly.
You have extremely tough skin. (AC +3)


Message History

You miss something. You miss something. Something hits you but does no damage.
Your plate armour prevents you from hitting something.
Something hits you. Something shocks you.
You miss something. You kick something. Something hits you.
* * * LOW HITPOINT WARNING * * *
Something shocks you.
* * * LOW HITPOINT WARNING * * *
You miss something. You kick something. Something hits you.
* * * LOW HITPOINT WARNING * * *
Something shocks you.
* * * LOW HITPOINT WARNING * * *
There is a stone staircase leading up here.
You start resting.
A sky beast appears from thin air!
Reactivating autopickup.
The sky beast hits you.
* * * LOW HITPOINT WARNING * * *
The sky beast shocks you.
You die...

...# ...# ...# ###### ...#
#....# ...### #.##.# .....#
#..#.##### .....#
##.#.....########## .....#
#.#####..........# .....#
#....#@..#######.# #....#
####.#Y..###.....#
#(...#########'#.....#.#####
>....##....##....#####..<#
.........#.##....# ###.###
...#.....#.##....# #...#
.........{...>######.###
.......#.#.###.......#
...###.#.#........####


You could see a sky beast.

Vanquished Creatures
  An ogre (D:5)
  A big kobold (D:4)
  A scorpion (D:4)
  A crimson imp (D:5)
  5 centaur zombies (D:6)
  A bullfrog zombie (D:6)
  A jelly (D:5)
  2 hounds
  An orc priest (D:5)
  2 bullfrog skeletons (D:6)
  3 orc wizards (D:5)
  An iguana (D:6)
  A worker ant (D:4)
  2 hound skeletons
  A worker ant zombie (D:6)
  5 adders
  A shadow imp (D:6)
  An ooze (D:2)
  A worm (D:2)
  2 leopard geckos
  14 orcs
  4 bats
  2 giant cockroaches (D:1)
  7 goblins
  5 hobgoblins
  4 jackals (D:3)
  A quokka (D:2)
  2 frilled lizards
  2 kobolds
  2 leopard gecko zombies (D:6)
  A quokka skeleton (D:6)
  2 rats (D:2)
80 creatures vanquished.

Notes
Turn   | Place    | Note
-------+----------+-------------------------------------------
     0 | D:1      | Gorglomux the Centaur Transmuter began the quest for the Orb.
     0 | D:1      | Reached XP level 1. HP: 16/16 MP: 3/3
   238 | D:1      | Reached XP level 2. HP: 13/24 MP: 4/4
  1435 | D:2      | Reached XP level 3. HP: 26/29 MP: 5/5
  1960 | D:3      | Reached skill level 4 in Unarmed Combat
  2386 | D:3      | Reached XP level 4. HP: 29/36 MP: 6/6
  2902 | D:2      | Found a glowing golden altar of the Shining One.
  2902 | D:2      | Found a shadowy altar of Dithmenos.
  3003 | D:4      | Found Gaclis's Weapon Shop.
  3060 | D:4      | Noticed a big kobold
  3109 | D:4      | Killed a big kobold
  3109 | D:4      | Reached skill level 5 in Unarmed Combat
  3109 | D:4      | Reached XP level 5. HP: 16/41 MP: 7/7
  3461 | D:4      | Noticed George's ghost (amateur DsGl)
  3731 | D:4      | Reached skill level 6 in Unarmed Combat
  4033 | D:5      | Entered Level 5 of the Dungeon
  4158 | D:5      | Found a deep blue altar of Sif Muna.
  4216 | D:5      | Reached XP level 6. HP: 48/48 MP: 8/8
  4990 | D:5      | Reached skill level 7 in Unarmed Combat
  5906 | D:6      | Reached XP level 7. HP: 45/55 MP: 9/9
  6248 | D:5      | Reached skill level 8 in Unarmed Combat
  6395 | D:6      | Reached skill level 3 in Fighting
  7001 | D:6      | Slain by a sky beast

Skill      XL: |  1  2  3  4  5  6  7 |
---------------+----------------------+-----
Fighting       | 2 3 |  3.7
Unarmed Combat | 4 5 6 7 8 |  8.6
Dodging        | |  1.3
Spellcasting   | |  1.5
Transmutations | |  1.7

Action                   |  1- 3 |  4- 6 |  7- 9 || total
-------------------------+-------+-------+-------++-------
Melee: Unarmed           |   213 |   251 |   123 ||   587
       Kick              |    26 |    40 |    33 ||    99
       Punch             |       |     4 |     3 ||     7
Evoke: Wand              |       |     3 |       ||     3
  Use: Potion            |       |     2 |       ||     2
 Stab: Confused          |       |     2 |       ||     2
  Eat: Chunk             |     3 |    10 |     2 ||    15
Armor: Robe              |    19 |       |       ||    19
       Gold dragon scale |   129 |       |       ||   129
       Plate armour      |       |   128 |    97 ||   225
       Leather armour    |       |     6 |       ||     6
Dodge: Dodged            |    24 |    23 |     8 ||    55
